 Dungeon Crawl Stone Soup version 0.31-a0-1042-ga9834b393d (webtiles) character file.

Game seed: 1307128130371282744

103282 tilp the Unseen (level 15, -13/123 HPs)
             Began as a Vampire Enchanter on Nov 19, 2023.
             Was the Champion of Wu Jian.
             Mangled by a spriggan defender simulacrum (41 damage)
             ... in an ice cave.
             The game lasted 01:11:52 (31854 turns).

tilp the Unseen (Vampire Enchanter)                Turns: 31854, Time: 01:11:53

Health: -13/123    AC: 15    Str:  7    XL:     15   Next: 88%
Magic:  33/37      EV: 16    Int: 29    God:    Wu Jian [******]
Gold:   737        SH:  4    Dex: 14    Spells: 1/33 levels left

rFire   . . .        a - +9 dagger (elec)
rCold   . . .        I - +0 buckler
rNeg    . . .        j - +2 robe {Will+}
rPois   .            L - +2 helmet {Int+3}
rElec   .            C - +1 cloak
rCorr   .            K - +1 pair of gloves
SInv    +            P - +2 pair of boots
Will    ++...        q - amulet of regeneration
Stlth   ++++++       (no ring)
HPRegen 1.40/turn    O - ring of magical power
MPRegen 0.25/turn

%: no passive effects
@: confusing by touch, healing quickly
A: alive, fangs 3, see invisible, vampiric 2
a: Exsanguinate, Renounce Religion, Wall Jump, Serpent's Lash, Heavenly Storm


You were in an ice cave.
You worshipped Wu Jian.
Wu Jian was exalted by your worship.
You visited 4 branches of the dungeon, and saw 23 of its levels.
You also visited: Ossuary, Bailey, Gauntlet and Ice Cave.

You collected 2396 gold pieces.
You spent 1659 gold pieces at shops.

Inventory:

Hand Weapons
 a - a +9 dagger of electrocution (weapon)
Missiles
 l - 4 throwing nets {!f}
 w - 7 javelins
 S - 23 boomerangs (quivered)
Armour
 j - a +2 robe of willpower (worn)
 C - a +1 cloak (worn)
 I - a +0 buckler (worn)
 K - a +1 pair of gloves (worn)
 L - a +2 helmet of intelligence (worn)
 P - a +2 pair of boots (worn)
Magical Staves
 d - the staff "Grim" {rF+ rC+ MP+9 Str+2 Dex+4 Fire}
   (You found it in a Gauntlet)

   [staff of fire]

   Base accuracy: +5 Base damage: 5 Base attack delay: 1.2 This weapon's minimum
   attack delay (0.6) is reached at skill level 12.
   Str+2:     It affects your strength (+2).
   Dex+4:     It affects your dexterity (+4).
   rF+:       It protects you from fire.
   rC+:       It protects you from cold.
   MP+9:      It affects your magic capacity (+9).
   Fire:      It increases the power of your Fire spells.
   It falls into the 'Staves' category.
   It is a one-handed weapon.
Jewellery
 k - a +6 ring of intelligence
 q - an amulet of regeneration (around neck)
 O - a ring of magical power (right hand)
Wands
 p - a wand of roots (35)
 s - a wand of flame (49)
 x - a wand of digging (16)
 A - a wand of mindburst (9)
 G - a wand of charming (21)
 R - a wand of light (5)
Scrolls
 t - 7 scrolls of vulnerability
 y - 6 scrolls of fear
 B - 4 scrolls of fog
 D - 6 scrolls of poison
 T - a scroll of immolation
 V - 3 scrolls of blinking
 X - 13 scrolls of teleportation
 Y - a scroll of amnesia
Potions
 c - 4 potions of invisibility
 e - 2 potions of mutation
 g - 3 potions of cancellation
 i - 12 potions of lignification
 o - 9 potions of heal wounds
 r - a potion of enlightenment
 u - 10 potions of haste
 v - 10 potions of curing
 z - a potion of resistance
 E - 6 potions of brilliance
 M - a potion of attraction
Miscellaneous
 m - a phantom mirror (inert)
 F - a box of beasts (inert)


   Skills:
 * Level 13.0 Fighting
 - Level 10.0 Short Blades
 + Level 5.0 Armour
 + Level 10.9 Dodging
 + Level 16.1 Stealth
 - Level 2.0 Shields
 + Level 9.8 Spellcasting
 + Level 5.1 Conjurations
 + Level 13.1 Hexes
 - Level 2.0 Summonings
 - Level 4.0 Ice Magic
 + Level 8.9 Evocations


You had one spell level left.
You knew the following spells:

 Your Spells              Type           Power      Damage    Failure   Level
a - Ensorcelled Hibernat  Hex/Ice        100%       N/A       1%          2
b - Confusing Touch       Hex            74%        N/A       1%          3
c - Tukima's Dance        Hex            74%        N/A       1%          3
d - Dazzling Flash        Conj/Hex       100%       N/A       1%          3
e - Fulminant Prism       Conj/Hex       30%        3d16      1%          4
f - Summon Mana Viper     Hex/Summ       55%        N/A       8%          5
g - Yara's Violent Unrav  Hex/Tmut       25%        3d11      12%         5
h - Enfeeble              Hex            37%        N/A       24%         7

Your spell library contained the following spells:

 Spells                   Type           Power      Damage    Failure   Level
 Freeze                   Ice            100%       1d10      1%          1
 Magic Dart               Conj           100%       1d8       1%          1
 Shock                    Conj/Air       100%       1d9       2%          1
 Summon Small Mammal      Summ           100%       N/A       2%          1
 Sting                    Tmut/Pois      56%        1d5       6%          1
 Inner Flame              Hex/Fire       51%        N/A       1%          3
 Summon Guardian Golem    Hex/Summ       55%        N/A       1%          3
 Hailstorm                Conj/Ice       40%        3d10      2%          3
 Frozen Ramparts          Ice            74%        1d12      3%          3
 Ozocubu's Armour         Ice            37%        N/A       3%          3
 Call Imp                 Summ           50%        N/A       4%          2
 Metabolic Englaciation   Hex/Ice        29%        N/A       4%          5
 Call Canine Familiar     Summ           25%        N/A       9%          3
 Mephitic Cloud           Conj/Pois/Air  24%        N/A       9%          3
 Cigotuvi's Dreadful Rot  Necr/Pois/Air  28%        N/A       10%         2
 Poisonous Vapours        Pois/Air       28%        N/A       10%         2
 Scorch                   Fire           28%        2d6       10%         2
 Sublimation of Blood     Necr           14%        N/A       10%         2
 Wereblood                Tmut           14%        N/A       10%         2
 Silence                  Hex/Air        25%        N/A       12%         5
 Ignite Poison            Fire/Tmut/Pois 14%        N/A       19%         3
 Volatile Blastmotes      Fire/Tloc      28%        2d12      19%         3
 Summon Ice Beast         Ice/Summ       31%        N/A       19%         4
 Flame Wave               Conj/Fire      29%        2d9       22%         4
 Iskenderun's Mystic Bla  Conj/Tloc      29%        2d7       22%         4
 Freezing Cloud           Conj/Ice/Air   15%        6-21      43%         5
 Olgreb's Toxic Radiance  Pois           14%        N/A       52%         4
 Passage of Golubria      Tloc           14%        N/A       52%         4
 Summon Forest            Summ/Tloc      10%        N/A       75%         5
 Simulacrum               Ice/Necr       12%        N/A       99%         6
 Summon Cactus Giant      Summ           12%        N/A       99%         6
 Summon Hydra             Summ           12%        N/A       100%        7
 Lehudib's Crystal Spear  Conj/Erth      14%        10d5      100%        8


Dungeon Overview and Level Annotations

Branches:
Dungeon (15/15)            Temple (1/1) D:7            Lair (5/5) D:9
  Swamp (0/4) Lair:2       Spider (0/4) Lair:3        Slime (0/5) Lair:5
    Orc (2/2) D:12            Elf (0/3) Orc:2        Vaults (0/5) D:13
 Depths (0/4) D:15        Ossuary (visited)          Bailey (visited)
  IceCv (1/1)             Gauntlet (visited)

Altars:
Ashenzari
Cheibriados
Dithmenos
Fedhas
Gozag
Hepliaklqana
Kikubaaqudgha
Makhleb
Nemelex Xobeh
Okawaru
Qazlal
Ru
Sif Muna
Trog
Uskayaw
Vehumet
Wu Jian
Xom
Yredelemnul
Jiyva
Lugonu

Shops:
D:4 *   D:11 *   Orc:1 (   Orc:2 ![:(

Portals:
Abyss: Lair:4 Lair:5

Annotations:
Lair:2 3 runed translucent doors, BigAl98's ghost, journeyman TrSh; PanSaczeczos's ghost, journeyman DEHW
Lair:4 2 transporters, eyesofgods1's ghost, journeyman DjCj


Innate Abilities, Weirdness & Mutations

Your natural rate of healing is accelerated.
You have razor-sharp teeth.
You have supernaturally acute eyesight. (SInv)
You are afflicted with vampirism and can become a bat while bloodless.


Message History

A spriggan defender simulacrum is nearby!
You barely miss the spriggan defender simulacrum.
Your bite misses the spriggan defender simulacrum.
The spriggan defender simulacrum is lightly damaged.
The spriggan defender simulacrum hits you.
The spriggan defender simulacrum freezes you!!
You miss the spriggan defender simulacrum.
Your bite misses the spriggan defender simulacrum.
The spriggan defender simulacrum is lightly damaged.
The spriggan defender simulacrum hits you.
The spriggan defender simulacrum freezes you!!
You are too injured to fight recklessly!
Unknown command.
The spriggan defender simulacrum attacks as it pursues you!
The spriggan defender simulacrum hits you but does no damage.
Unknown command.
Casting: Confusing Touch (safe; 1% risk of failure)
Confirm with . or Enter, or press ? or * to list all spells.
Your hands begin to glow brighter.
The spriggan defender simulacrum hits you!
* * * LOW HITPOINT WARNING * * *
The spriggan defender simulacrum freezes you!!!
* * * LOW HITPOINT WARNING * * *
The spriggan defender simulacrum barely misses you.
You feel much better.
The spriggan defender simulacrum misses you.
Unknown command.
Unknown command.
Unknown command.
Aiming: Fastroot
Press: ? - help, Shift-Dir - straight line, f - spriggan defender simulacrum
Aim: a spriggan defender simulacrum (lightly damaged, chance to confuse on hit: 80%)
The roots erupt in riotous growth!
Roots grab the spriggan defender simulacrum.
The grasping roots constrict the spriggan defender simulacrum.
You block the spriggan defender simulacrum's attack.
The spriggan defender simulacrum hits you!
* * * LOW HITPOINT WARNING * * *
The spriggan defender simulacrum freezes you!!!
You die...

.. #.# #
Z. #. #.#
) ##.#..
.⌠ ##.
...##
?#.. #..#
... ##Z#
#.###.@##
#.#....##
#...###.#
#..##..##
#.###..##
#.##
##..# ...
##.#
#...#
#.##
#..#.
####.#


You could see 2 spriggan defender simulacra.

Vanquished Creatures
  Jorgrun (D:13)
  Agnes (D:14)
  Azrael (D:14)
  A minotaur (Gauntlet)
  A green death (Gauntlet)
  A fire dragon (D:14)
  4 hydras
  6 vault guards
  A catoblepas (Lair:3)
  4 boulder beetles
  2 tengu warriors
  6 death yaks
  5 two-headed ogres
  2 thrashing horrors (Lair:5)
  6 orc high priests
  Sonja (Orc:2)
  2 skysharks
  Lodul (D:10)
  An obsidian statue (IceCv)
  9 orc knights (Orc:2)
  Pikel (D:6)
  3 spriggan simulacra (IceCv)
  An orc sorcerer (Orc:2)
  15 ugly things
  An oklob plant (Lair:2)
  A cyclops (D:10)
  10 elephants
  2 manticores
  5 gargoyles
  4 black mambas
  2 smoke demons (Lair:5)
  6 rime drakes (Lair:4)
  9 cane toads
  A rime drake (shapeshifter) (D:13)
  12 komodo dragons
  An anaconda simulacrum (IceCv)
  4 kobold demonologists
  4 ice devils (IceCv)
  2 tengu conjurers
  5 meliai
  2 polar bears (Lair:2)
  7 trolls
  27 blink frogs
  Prince Ribbit (Bailey)
  A raiju (Lair:5)
  16 slime creatures
  Sigmund (D:2)
  57 yaks
  2 ynoxinuls (Lair:5)
  2 wraiths (Ossuary)
  2 shadows
  A minotaur simulacrum (IceCv)
  15 basilisks
  A steam dragon (D:8)
  8 wyverns
  3 chaos spawn (Lair:5)
  13 humans
  2 fire elementals (D:14)
  A redback (shapeshifter) (D:15)
  A harpy simulacrum (IceCv)
  A swamp worm (Lair:2)
  An acid dragon (D:9)
  10 vampire mosquitoes
  6 wargs
  12 water moccasins
  3 hell hounds
  2 sky beasts
  2 black bears
  34 orc warriors
  An ice beast (D:7)
  A boggart (Orc:2)
  13 wolves
  8 ogres
  A phantom (D:6)
  4 centaurs
  7 kobold brigands
  19 bullfrogs
  2 deep troll simulacra (IceCv)
  A scorpion (D:5)
  10 small abominations (Lair:5)
  8 wights
  22 killer bees
  Dowan (D:6)
  An oklob sapling (D:7)
  4 electric eels
  4 howler monkeys
  20 orc priests
  7 jellies
  3 gnoll boudas
  2 hounds
  An iron imp (D:10)
  4 iguanas
  18 orc wizards
  A sleepcap (D:7)
  Ijyb (D:3)
  16 hell rats
  Robin (D:2)
  18 gnolls
  4 adders
  6 river rats (Lair:2)
  A white imp (D:5)
  2 ufetubi (D:5)
  2 worms
  2 dart slugs
  67 orcs
  3 ball pythons
  11 bats
  21 endoplasms
  4 giant cockroaches (D:1)
  11 goblins
  11 hobgoblins
  3 jackals (D:4)
  3 quokkas
  A ball python skeleton (Ossuary)
  9 frilled lizards
  A hobgoblin zombie (D:5)
  16 kobolds
  3 kobold zombies (Ossuary)
  2 orc skeletons (Ossuary)
  2 orc zombies (Ossuary)
  11 rats
  A butterfly (Lair:1)
775 creatures vanquished.

Vanquished Creatures (collateral kills)
  A vault guard (D:13)
  Maggie (D:6)
  An orc warrior (Orc:2)
  An ogre (D:10)
  7 wights
  A hound (D:6)
  2 orc priests (Orc:2)
  A gnoll (D:4)
  7 orcs
22 creatures vanquished.

Vanquished Creatures (others)
  5 dancing weapons
  A yak (D:10)
  8 fulminant prisms
14 creatures vanquished.

Grand Total: 811 creatures vanquished

Notes
Turn   | Place    | Note
-------+----------+-------------------------------------------
     0 | D:1      | tilp the Vampire Enchanter began the quest for the Orb.
     0 | D:1      | Reached XP level 1. HP: 13/13 MP: 3/3
   314 | D:1      | Reached XP level 2. HP: 20/20 MP: 5/5
   322 | D:1      | Learned a level 2 spell: Ensorcelled Hibernation
   350 | D:1      | Reached skill level 1 in Fighting
  1100 | D:2      | Gained mutation: You are afflicted with vampirism and can
                  | become a bat while bloodless. [Vampire growth]
  1100 | D:2      | Reached XP level 3. HP: 25/26 MP: 3/6
  1104 | D:2      | Learned a level 3 spell: Confusing Touch
  1305 | D:2      | Identified the +1 pair of gloves of Moral Flaws {*Slow SInv
                  | Stlth+}
  1338 | D:2      | Noticed Sigmund
  1392 | D:2      | HP: 1/26 [Sigmund/magic dart (6)]
  1397 | D:2      | Killed Sigmund
  1398 | D:2      | Reached skill level 5 in Stealth
  1398 | D:2      | Reached skill level 5 in Hexes
  1398 | D:2      | Reached XP level 4. HP: 1/33 MP: 0/7
  1398 | D:2      | Reached XP level 5. HP: 2/38 MP: 0/8
  1954 | D:2      | Noticed Robin
  2190 | D:2      | Learned a level 3 spell: Tukima's Dance
  2557 | D:2      | Found a shimmering blue altar of Sif Muna.
  2762 | D:2      | Killed Robin
  3138 | D:3      | Reached XP level 6. HP: 46/46 MP: 10/10
  3341 | D:3      | Noticed Ijyb
  3343 | D:3      | Killed Ijyb
  3552 | D:3      | Found a faded altar of an unknown god.
  4165 | D:4      | Reached XP level 7. HP: 49/52 MP: 2/11
  4173 | D:4      | Reached skill level 6 in Stealth
  4273 | D:4      | Found Wuunkur's Gadget Gallery.
  4871 | D:5      | Entered Level 5 of the Dungeon
  4877 | D:5      | Found a sand-covered staircase.
  4888 | Ossuary  | Entered an ossuary
  4995 | Ossuary  | Noticed a flying skull
  4995 | Ossuary  | Noticed a wraith
  5003 | Ossuary  | Noticed a flying skull
  5016 | Ossuary  | Noticed a flying skull
  5021 | Ossuary  | Noticed a wraith
  5022 | Ossuary  | Killed a wraith
  5157 | Ossuary  | Noticed a wraith
  5158 | Ossuary  | Killed a wraith
  5159 | Ossuary  | Reached skill level 5 in Short Blades
  5159 | Ossuary  | Reached XP level 8. HP: 60/60 MP: 13/13
  5516 | D:5      | Reached skill level 7 in Stealth
  5984 | D:6      | Noticed Maggie
  5993 | D:6      | Killed Maggie
  5994 | D:6      | Reached skill level 1 in Evocations
  6094 | D:6      | Learned a level 3 spell: Dazzling Flash
  6112 | D:6      | Reached skill level 5 in Fighting
  6146 | D:6      | Noticed Dowan
  6484 | D:6      | Reached XP level 9. HP: 68/68 MP: 8/15
  6496 | D:6      | Learned a level 4 spell: Fulminant Prism
  6603 | D:6      | Noticed Pikel
  6608 | D:6      | Killed Pikel
  6609 | D:6      | Reached skill level 8 in Stealth
  6609 | D:6      | Reached skill level 1 in Conjurations
  6609 | D:6      | Noticed Duvessa
  6611 | D:6      | Duvessa changed into Duvessa the jelly
  6611 | D:6      | Noticed Duvessa
  6620 | D:6      | Killed Duvessa the jelly
  6621 | D:6      | Reached skill level 1 in Ice Magic
  6624 | D:6      | Killed Dowan
  7361 | D:7      | Found a staircase to the Ecumenical Temple.
  7770 | Temple   | Entered the Ecumenical Temple
  7868 | Temple   | Became a worshipper of the Wu Jian Council
  8350 | D:8      | Reached skill level 9 in Stealth
  8733 | D:8      | Reached * piety under Wu Jian
  9190 | D:9      | Reached skill level 5 in Spellcasting
  9342 | D:9      | Reached XP level 10. HP: 71/75 MP: 10/17
  9435 | D:9      | Reached skill level 10 in Stealth
  9494 | D:9      | Noticed a two-headed ogre
  9500 | D:9      | Killed a two-headed ogre
  9716 | D:9      | Reached skill level 10 in Short Blades
  9896 | D:9      | Found a staircase to the Lair.
 10387 | D:9      | Found a stormy altar of Qazlal.
 10454 | D:10     | Entered Level 10 of the Dungeon
 10454 | D:10     | Noticed Lodul
 10587 | D:10     | Found a flagged portal.
 10662 | D:10     | Killed Lodul
 10670 | Bailey   | Entered a bailey
 10869 | Bailey   | Reached XP level 11. HP: 83/83 MP: 19/19
 10881 | Bailey   | Reached ** piety under Wu Jian
 11015 | Bailey   | Noticed Prince Ribbit
 11017 | Bailey   | Noticed a vault guard
 11026 | Bailey   | Killed a vault guard
 11028 | Bailey   | Killed Prince Ribbit
 11094 | Bailey   | Noticed a vault guard
 11115 | Bailey   | Killed a vault guard
 11116 | Bailey   | Reached skill level 5 in Dodging
 11394 | D:10     | Reached skill level 11 in Stealth
 11596 | D:10     | Noticed a two-headed ogre
 11607 | D:10     | Killed a two-headed ogre
 11932 | D:10     | Reached *** piety under Wu Jian
 12103 | D:10     | Noticed a two-headed ogre
 12117 | D:10     | Killed a two-headed ogre
 12214 | D:10     | Found a snail-covered altar of Cheibriados.
 12805 | D:11     | Found a corrupted altar of Lugonu.
 12811 | D:11     | Reached skill level 10 in Hexes
 12811 | D:11     | Reached XP level 12. HP: 92/93 MP: 11/21
 13030 | D:11     | Reached skill level 12 in Stealth
 13071 | D:11     | Got Teeteve's Precepts of the Tundra and Distance
 13144 | D:11     | Noticed a two-headed ogre
 13147 | D:11     | Killed a two-headed ogre
 13397 | D:11     | Found Gufoipad's General Store.
 13402 | D:11     | Bought a scroll of brand weapon for 161 gold pieces
 13763 | D:4      | Bought a phantom mirror for 560 gold pieces
 13920 | Lair:1   | Entered Level 1 of the Lair of Beasts
 13925 | Lair:1   | Found a gate leading to a gauntlet.
 13991 | Gauntlet | Entered a Gauntlet
 13991 | Gauntlet | Noticed a death yak
 13991 | Gauntlet | Found a transporter.
 13992 | Gauntlet | Noticed a cacodemon
 13994 | Gauntlet | Found a transporter.
 14010 | Gauntlet | Found a transporter.
 14013 | Gauntlet | Found a transporter.
 14027 | Gauntlet | Found a transporter.
 14043 | Gauntlet | Found a transporter.
 14048 | Gauntlet | Found a transporter.
 14052 | Gauntlet | Found a transporter.
 14054 | Gauntlet | Noticed a death yak
 14058 | Gauntlet | Noticed a death yak
 14078 | Gauntlet | Noticed a green death
 14081 | Gauntlet | Found a transporter.
 14102 | Gauntlet | Found a transporter.
 14106 | Gauntlet | Found a transporter.
 14114 | Gauntlet | Found a transporter.
 14263 | Gauntlet | Identified the staff "Grim" {rF+ rC+ MP+9 Str+2 Dex+4 Fire}
 14269 | Gauntlet | Identified the ring "Ygilum" {rElec Will+ rCorr Str+3
                  | Int-4}
 14328 | Gauntlet | Killed a green death
 14362 | Gauntlet | Noticed a minotaur
 14373 | Gauntlet | Killed a minotaur
 14384 | Gauntlet | Identified the +9 morningstar of Natukipp {heavy, *Slow Fly
                  | rN+}
 14385 | Gauntlet | Got Itseliti's Folio of the Fulgurous Body
 14690 | D:9      | Learned a level 2 spell: Call Imp
 14964 | Lair:1   | Reached skill level 10 in Fighting
 15234 | Lair:1   | Reached skill level 1 in Summonings
 15235 | Lair:1   | Reached **** piety under Wu Jian
 15858 | Lair:2   | Found a runed translucent gate.
 15859 | Lair:2   | Found a runed translucent gate.
 15862 | Lair:2   | Found a runed translucent gate.
 16301 | Lair:2   | Noticed a death yak
 16301 | Lair:2   | Noticed a death yak
 16301 | Lair:2   | Noticed a death yak
 16301 | Lair:2   | Noticed a death yak
 16302 | Lair:2   | Noticed a death yak
 16306 | Lair:2   | Noticed a death yak
 16316 | Lair:1   | Killed a death yak
 16317 | Lair:1   | Reached XP level 13. HP: 89/104 MP: 16/24
 16936 | Lair:2   | Noticed PanSaczeczos's ghost (journeyman DEHW)
 16937 | Lair:2   | Noticed BigAl98's ghost (journeyman TrSh)
 16988 | Lair:2   | Identified the +6 ring mail of the Nice God {rC+ rN++}
 16994 | Lair:2   | Reached ***** piety under Wu Jian
 17051 | Lair:2   | You fall into a shaft and drop 1 floor!
 17183 | Lair:3   | Reached skill level 13 in Stealth
 17490 | Lair:2   | Found a shimmering altar of Xom.
 17568 | Lair:2   | Reached skill level 5 in Evocations
 17991 | Lair:2   | Found a staircase to the Swamp.
 18299 | Lair:2   | Found a shimmering altar of Xom.
 18918 | Lair:2   | Found a staircase to the Swamp.
 19360 | Lair:3   | Found a hole to the Spider Nest.
 21162 | Lair:4   | Found a one-way gate to the infinite horrors of the Abyss.
 21162 | Lair:4   | Noticed eyesofgods1's ghost (journeyman DjCj)
 21165 | Lair:4   | Found a transporter.
 21211 | Lair:4   | Found a transporter.
 21353 | Lair:4   | Reached skill level 14 in Stealth
 21377 | Lair:4   | Reached XP level 14. HP: 114/114 MP: 26/26
 22032 | Lair:5   | Entered Level 5 of the Lair of Beasts
 22155 | Lair:5   | Found a viscous altar of Jiyva.
 22157 | Lair:5   | Found a staircase to the Slime Pits.
 22244 | Lair:5   | Reached ****** piety under Wu Jian
 22898 | Lair:5   | Reached skill level 1 in Armour
 22907 | Lair:5   | Reached skill level 10 in Dodging
 23685 | Lair:5   | Reached skill level 15 in Stealth
 24193 | Lair:5   | Found a corrupted altar of Lugonu.
 24198 | Lair:5   | Identified the +0 chain mail "Xehesy" {Dex+4}
 24747 | D:12     | Found a staircase to the Orcish Mines.
 25863 | Orc:1    | Entered Level 1 of the Orcish Mines
 26056 | Orc:1    | Found Quust's Weapon Boutique.
 26335 | Orc:1    | Identified the +1 war axe "Kegg" {flame, Int+3}
 26739 | Orc:2    | Entered Level 2 of the Orcish Mines
 26749 | Orc:2    | Noticed Snorg
 27051 | Orc:2    | Snorg changed into Snorg the boggart
 27051 | Orc:2    | Noticed Snorg
 27053 | Orc:2    | Killed Snorg the boggart
 27120 | Orc:2    | Found a staircase to the Elven Halls.
 27157 | Orc:2    | Reached XP level 15. HP: 121/121 MP: 28/28
 27996 | Orc:2    | Reached skill level 1 in Shields
 28649 | Orc:2    | Noticed Sonja
 28654 | Orc:2    | Killed Sonja
 28671 | Orc:2    | Found Zoodo's Distillery.
 28682 | Orc:2    | Found Tepiqagiy's Antique Weapon Boutique.
 28683 | Orc:2    | Found Coopn's Armour Boutique.
 28683 | Orc:2    | Found Qeckiaz's Book Shop.
 28694 | Orc:2    | Bought a crystal rapier for 234 gold pieces
 28694 | Orc:2    | Identified the +4 rapier of the Furious {freeze, rF+ rCorr
                  | Int+3} (You bought it in a shop on level 2 of the Orcish
                  | Mines)
 28695 | Orc:2    | Bought a book of Misfortune for 360 gold pieces
 28697 | Orc:2    | Bought a +2 helmet of intelligence for 344 gold pieces
 28716 | Orc:2    | Learned a level 5 spell: Yara's Violent Unravelling
 28724 | Orc:2    | Learned a level 7 spell: Enfeeble
 29687 | D:13     | Found a gate to the Vaults.
 29739 | D:13     | Noticed Jorgrun
 29750 | D:13     | Killed Jorgrun
 29955 | D:14     | Got the Writings on Bewitchment and Frostbite
 30290 | D:14     | Found a sparkling altar of Nemelex Xobeh.
 30691 | D:14     | Noticed Azrael
 30694 | D:14     | Killed Azrael
 30788 | D:14     | Reached skill level 5 in Conjurations
 30799 | D:14     | Noticed Agnes
 30836 | D:14     | Killed Agnes
 30875 | D:14     | Reached skill level 16 in Stealth
 31252 | D:15     | Entered Level 15 of the Dungeon
 31283 | D:15     | Found a frozen archway.
 31305 | IceCv    | Entered an ice cave
 31363 | IceCv    | Learned a level 5 spell: Summon Mana Viper
 31397 | IceCv    | Reached skill level 5 in Armour
 31854 | IceCv    | Mangled by a spriggan defender simulacrum

Illustrated notes

Levels and vault maps discovered:
D:1:      ncdulo_smallfort, layout_basic, serial_bayou_ford_a, st_stairs_10
D:2:      layout_basic, basic_altar, grunt_ministairs_7, minmay_lizard_king,
          uniq_sigmund, uniq_robin
D:3:      layout_rooms, shapermc_ecumenical_altar_ellora, uniq_ijyb
D:4:      layout_loops_ring, nicolae_shop_gadgets
D:5:      nicolae_cairo_tiling_large, layout_basic, enter_ossuary_3,
          due_unseen_surprise
D:6:      layout_basic, minmay_misc_feat_room, uniq_pikel, uniq_maggie,
          uniq_duvessa
D:7:      layout_cave_pools, minmay_temple_entry_oklob
D:8:      layout_cave_pools, grunt_ministairs_10
D:9:      layout_irregular_city, lemuel_coloured_pillars_altar,
          david_lair_shrubbed
D:10:     layout_long_grid, slow_altar_1, enter_bailey_2, abandoned_shop,
          uniq_lodul
D:11:     layout_roguey, serial_shops, nicolae_shop_tiny_statue_garden,
          marbit_kobold_abyssish
D:12:     layout_layer_cave, david_orc_3, eino_jars
D:13:     layout_loops_ring, ximxim_vaults_locker_room, uniq_jorgrun
D:14:     layout_cave_pools, nemelex_lonely_heart_becter, nrook_mini_vaults,
          chequers_serial_rivers_small_3, uniq_agnes, uniq_azrael
D:15:     gammafunk_depths_entry_grave, layout_irregular_city,
          portal_ice_cave_entry_pillars_1, nicolae_qazlal_eye_of_the_storm
Temple:   mainiacjoe_temple_cubbyholes
Lair:1:   layout_loops_ring, gauntlet_entry_generic, infiniplex_staircase_pool,
          lemuel_fruit_fields
Lair:2:   lemuel_slime, layout_cave_pods, nicolae_swamp_entry_splash_gauntlet,
          basic_altar, gammafunk_ghost_cemetery, kennysheep_abandoned_house
Lair:3:   layout_cave_shapes, spider_nest_entry_web_field
Lair:4:   layout_roguey [special_room_mythical_zoo],
          gammafunk_ghost_abyssal_escape, grunt_megastairs_2
Lair:5:   hellmonk_lair_end_abyssal_woods, layout_regular_city, slime_entry_1,
          dpeg_oklob_1, serial_bayou_shore_a, serial_bayou_shore_b
Orc:1:    layout_caves, serial_shops, nicolae_shop_statue_plus,
          hangedman_feature_mirror, nooodl_orcs_dogs
Orc:2:    st_orc_pillars, layout_diamond_mine, nicolae_orc_lava_room,
          uniq_snorg, uniq_sonja
IceCv:    ice_cave_caverns_03

Skill      XL: |  1  2  3  4  5  6  7  8  9 10 11 12 13 14 15 |
---------------+----------------------------------------------+-----
Fighting       | 1 2 3 4 5 6 8 10 11 12 13 | 13.0
Short Blades   | 2 3 4 5 6 8 10 | 10.0
Stealth        | 5 6 7 9 10 11 12 14 15 16 | 16.1
Hexes          | 5 6 7 8 10 11 12 13 | 13.1
Dodging        | 3 4 6 8 9 10 | 10.9
Spellcasting   | 3 4 5 6 7 8 9 |  9.8
Evocations     | 1 2 4 5 8 |  8.9
Conjurations   | 2 3 4 5 |  5.1
Ice Magic      | 2 3 4 |  4.0
Summonings     | 2 |  2.0
Armour         | 3 5 |  5.0
Shields        | 2 |  2.0

Action                     |  1- 3 |  4- 6 |  7- 9 | 10-12 | 13-15 || total
---------------------------+-------+-------+-------+-------+-------++-------
  Melee: Dagger            |    60 |   178 |   282 |   652 |  1184 ||  2356
         Bite              |     4 |    11 |    31 |    94 |   159 ||   299
         Punch             |       |     3 |     2 |    10 |     6 ||    21
  Throw: Throwing net      |     2 |       |       |       |       ||     2
         Boomerang         |       |       |       |       |     3 ||     3
   Cast: Ensorcelled Hiber |    11 |    40 |    63 |   111 |   346 ||   571
         Confusing Touch   |     1 |     2 |    13 |    19 |    54 ||    89
         Tukima's Dance    |       |     1 |    13 |    18 |    16 ||    48
         Dazzling Flash    |       |       |     5 |    29 |    73 ||   107
         Fulminant Prism   |       |       |       |     4 |     4 ||     8
         Call Imp          |       |       |       |     1 |     2 ||     3
         Summon Mana Viper |       |       |       |       |     1 ||     1
Ability: Lunge             |       |       |     4 |    35 |   121 ||   160
         Whirlwind         |       |       |     2 |    21 |    34 ||    57
  Evoke: Wand              |       |       |     5 |       |     5 ||    10
         Box of beasts     |       |       |       |       |     2 ||     2
         Phantom mirror    |       |       |       |       |     2 ||     2
    Use: Scroll            |     5 |     3 |    10 |    14 |    13 ||    45
         Potion            |     1 |       |     2 |     1 |     1 ||     5
   Stab: Sleeping          |    13 |    33 |    59 |    80 |   228 ||   413
         Confused          |     1 |       |    10 |    19 |    43 ||    73
         Invisible         |       |       |     2 |    29 |    72 ||   103
         Held in net/web   |       |       |     1 |       |       ||     1
         Distracted        |       |       |       |     1 |     2 ||     3
 Armour: Robe              |    33 |    55 |    40 |       |    68 ||   196
         Leather armour    |       |       |    56 |   161 |   405 ||   622
  Dodge: Dodged            |    36 |   130 |   223 |   410 |   832 ||  1631
  Block: Buckler           |       |       |       |       |    56 ||    56

Table legend: (Time is in decaauts)
 A = Elapsed time spent in this place.
 B = Non-inter-level travel time spent in this place.
 C = Inter-level travel time spent in this place.
 D = Time resting spent in this place.
 E = Time spent auto-exploring this place.
 F = Levels seen in this place.
 G = Mean time per level.
                   A        B        C        D        E       F      G
               +--------+--------+--------+--------+--------+-----+--------+
         Total |  31082 |  29253 |   1829 |   5930 |  16768 |  27 | 1151.2 |
       Dungeon |  16499 |  15356 |   1143 |   2434 |  10024 |  15 | 1099.9 |
        Temple |    141 |     54 |     87 |      0 |     53 |   1 |  141.0 |
          Lair |   9577 |   9227 |    350 |   1767 |   5205 |   5 | 1915.4 |
  Orcish Mines |   2859 |   2611 |    248 |    818 |   1070 |   2 | 1429.5 |
       Ossuary |    349 |    349 |      0 |    106 |     71 |   1 |  349.0 |
        Bailey |    680 |    680 |      0 |    441 |     74 |   1 |  680.0 |
      Ice Cave |    522 |    522 |      0 |    297 |     71 |   1 |  522.0 |
      Gauntlet |    452 |    452 |      0 |     67 |    199 |   1 |  452.0 |
               +--------+--------+--------+--------+--------+-----+--------+

Top non-repeatable levels by time:
  Lair:2: 2937 daAuts
  Lair:5: 2151 daAuts
     D:2: 1919 daAuts
   Orc:2: 1832 daAuts
  Lair:3: 1701 daAuts
  Lair:4: 1517 daAuts
     D:9: 1443 daAuts
    D:10: 1390 daAuts
    D:13: 1354 daAuts
    D:12: 1333 daAuts
  Lair:1: 1270 daAuts
     D:8: 1184 daAuts
     D:1: 1145 daAuts
     D:6: 1144 daAuts
     D:4: 1125 daAuts
